 Dungeon Crawl Stone Soup version 0.18.1-8-gdd0e5ea (webtiles) character file.

159 Shtopit the Ruffian (level 5, -1/53 HPs)
             Began as a Troll Monk on May 28, 2016.
             Slain by an orc wizard
             ... wielding a +0 dagger
              (2 damage)
             ... on level 3 of the Dungeon.
             The game lasted 00:05:33 (1974 turns).

Shtopit the Ruffian (Troll Monk)                    Turns: 1974, Time: 00:05:33

Health: -1/53      AC:  6    Str: 24    XL:     5   Next: 17%
Magic:  4/4        EV:  6    Int:  6    God:
Gold:   129        SH: 14    Dex: 13    Spells: 0 memorised, 4 levels left

rFire  . . .     SeeInvis .       - Unarmed
rCold  . . .     Gourm    +     a - +0 robe
rNeg   . . .     Faith    .     c - +1 large shield
rPois  .         Spirit   .     (helmet restricted)
rElec  .         Dismiss  .     l - +0 cloak
rCorr  .         Reflect  .     (gloves unavailable)
SustAt .         Harm     .     (boots unavailable)
MR     .....                    (no amulet)
Stlth  ++........               (no ring)
                                (no ring)

@: mighty, not resistant to hostile enchantments, unstealthy
A: unfitting armour, claws 3, fast metabolism 3, gourmand, regeneration 2,
shaggy fur 1, tough skin 2
a: no special abilities


You were on level 3 of the Dungeon.
You were not hungry.

You visited 1 branch of the dungeon, and saw 3 of its levels.

You collected 129 gold pieces.

Inventory:

Hand Weapons
 k - a +0 hunting sling
Armour
 a - a +0 robe (worn)
 c - a +1 large shield (worn)
 l - a +0 cloak (worn)
Scrolls
 i - 2 scrolls of remove curse
 j - a scroll of enchant weapon {unknown}
 m - a scroll of teleportation {unknown}
 o - 2 scrolls of identify {unknown}
 p - a scroll of magic mapping {unknown}
 q - a scroll of immolation {unknown}
Comestibles
 b - 2 bread rations
 d - a royal jelly


   Skills:
 + Level 3.0 Fighting
 + Level 2.9 Dodging
 + Level 1.8 Stealth
 + Level 1.7 Shields
 + Level 4.6 Unarmed Combat


You had 4 spell levels left.
You didn't know any spells.

Dungeon Overview and Level Annotations

Branches:
Dungeon (3/15)

Altars:
Fedhas
Gozag
Pakellas
Zin

Annotations:
D:3 Natasha


Innate Abilities, Weirdness & Mutations

You are too large for most types of armour.
You have claws for hands.
Your metabolism is lightning-fast.
You like to eat raw meat.
You heal very quickly.
You are covered in fur (AC +1).
You have very tough skin (AC +2).


Message History

You miss something. Something hits you.
* * * LOW HITPOINT WARNING * * *
You block the jackal's attack.
The crimson imp shouts, "Face thy requiem, thou paunchy hell-hated lout!"
The crimson imp summons a swarm of flies.
Something hits you but does no damage. The jackal closely misses you.
Drink which item? (? for menu, Esc to quit)
It was a potion of might.
You feel very mighty all of a sudden.
* * * LOW HITPOINT WARNING * * *
You feel sick.
You are no longer poisoned.
You block the jackal's attack.
The crimson imp blinks!
Something hits you but does no damage.
Read which item? (? for menu, Esc to quit)
As you read the scroll labeled SULIACWE TURA, it crumbles to dust.
You feel blessed for a moment.
It was a scroll of remove curse.
The crimson imp disappears in a puff of smoke!
You block the jackal's attack. Something hits you.
You die...

#...##################.........
...................)...........
#######################........
#..[....... ### ##r#........
$... ####g5#........
.#...###S)K.###.......
.......#h#### #...... #.@.#
###### .......### ######. ..
... .%.. ..... .#.###


You could see a crimson imp, an adder, a jackal, a goblin, a kobold and a rat.

Vanquished Creatures
  An orc priest (D:3)
  Ijyb (D:3)
  2 adders (D:2)
  2 worms (D:2)
  A dart slug (D:1)
  4 giant geckos
  2 orcs (D:3)
  7 bats
  3 giant cockroaches (D:1)
  9 goblins
  12 hobgoblins
  5 jackals
  2 quokkas (D:2)
  4 giant newts
  5 kobolds
  11 rats
71 creatures vanquished.

Notes
Turn   | Place    | Note
--------------------------------------------------------------
     0 | D:1      | Shtopit the Troll Monk began the quest for the Orb.
     0 | D:1      | Reached XP level 1. HP: 22/22 MP: 0/0
   280 | D:1      | Reached XP level 2. HP: 29/29 MP: 1/1
   568 | D:1      | Reached XP level 3. HP: 33/36 MP: 2/2
  1031 | D:2      | Found a blossoming altar of Fedhas.
  1245 | D:2      | Found an opulent altar of Gozag.
  1245 | D:2      | Found a glowing silver altar of Zin.
  1309 | D:2      | Reached skill level 1 in Shields
  1328 | D:2      | Reached XP level 4. HP: 44/44 MP: 3/3
  1645 | D:2      | Found an oddly glowing altar of Pakellas.
  1911 | D:3      | Noticed Ijyb
  1913 | D:3      | Noticed Natasha
  1920 | D:3      | Killed Ijyb
  1956 | D:3      | Reached XP level 5. HP: 20/53 MP: 4/4
  1972 | D:3      | HP: 1/53 [something (3)]
  1974 | D:3      | Slain by an orc wizard

Skill      XL: |  1  2  3  4 |
---------------+-------------+-----
Shields        | 1 |  1.7
Fighting       | 3 |  3.0
Dodging        | |  2.9
Stealth        | |  1.8
Unarmed Combat | |  4.6

Action                   |  1- 3 |  4- 6 || total
-------------------------+-------+-------++-------
Melee: Unarmed           |   121 |    80 ||   201
  Use: Potion            |       |     3 ||     3
       Scroll            |       |     4 ||     4
 Stab: Sleeping          |     4 |     2 ||     6
  Eat: Chunk             |    13 |     6 ||    19
Armor: Robe              |    40 |    45 ||    85
Dodge: Dodged            |    24 |    26 ||    50
Block: Large shield      |    65 |    89 ||   154
